 Dungeon Crawl Stone Soup version 0.32-a0-468-g38b2580584 (webtiles) character file.

Game seed: 18104181753848705669

3449 ezpacito the Trooper (level 9, -1/69 HPs)
             Began as a Demonspawn Chaos Knight on Feb 25, 2024.
             Was a Plaything of Xom.
             Slain by a warg (19 damage)
             ... on level 8 of the Dungeon.
             The game lasted 00:11:25 (8036 turns).

ezpacito the Trooper (Demonspawn Chaos Knight)      Turns: 8036, Time: 00:11:26

Health: -1/69      AC: 13    Str: 16    XL:     9   Next: 78%
Magic:  15/15      EV:  9    Int: 17    God:    Xom [*.....]
Gold:   200        SH:  4    Dex: 17    Spells: 3/16 levels left

rFire   . . .        a - +0 hand axe (chaos)
rCold   . . .        k - +0 buckler
rNeg    . . .        v - +0 chain mail
rPois   +            x - +0 helmet
rElec   .            G - +0 cloak
rCorr   +            (no gloves)
SInv    +            (no boots)
Will    .....        (no amulet) Stlth
                     q - ring of Xom's Displeasure {rPois rCorr}
HPRegen 0.31/turn    t - +6 ring of strength
MPRegen 0.14/turn

%: no passive effects
@: no status effects
A: foul stench 1, powered by death 3, sharp scales 1, demonic touch 1, see
invisible, agile 1, clever 1, weak 1
a: Renounce Religion


You were on level 8 of the Dungeon.
You worshipped Xom.
You were a special plaything of Xom.
You visited 2 branches of the dungeon, and saw 9 of its levels.

You collected 396 gold pieces.
You spent 196 gold pieces at shops.

Inventory:

Hand Weapons
 a - a +0 hand axe of chaos (weapon)
 d - a +4 hand axe
 J - a +0 war axe of flaming
Missiles
 u - 14 poisoned darts (quivered)
 A - 2 throwing nets
 F - 3 javelins
Armour
 b - a +2 leather armour
 k - a +0 buckler (worn)
 v - a +0 chain mail (worn)
 x - a +0 helmet (worn)
 B - a +0 plate armour
 G - a +0 cloak (worn)
Jewellery
 q - the ring of Xom's Displeasure (left hand) {rPois rCorr}
   (Xom gifted it to you on level 2 of the Dungeon)

   [ring of resist corrosion]

   rPois:     It protects you from poison rCorr: It protects you from acid and
   corrosion.
 t - a +6 ring of strength (right hand)
 I - a +6 ring of intelligence
Talismans
 f - a blade talisman
 z - a serpent talisman
Wands
 h - a wand of acid (8)
 l - a wand of charming (12)
Scrolls
 c - a scroll of noise
 e - 4 scrolls of teleportation
 i - a scroll of blinking
 m - a scroll of amnesia
 o - 3 scrolls of enchant weapon {unknown}
 p - a scroll of silence {unknown}
 s - a scroll of acquirement {unknown}
 w - a scroll of immolation {unknown}
 y - a scroll of revelation {unknown}
 H - 3 scrolls of enchant armour {unknown}
 K - a scroll of torment {unknown}
Potions
 g - 2 potions of brilliance
 r - 2 potions of resistance
 C - a potion of enlightenment
 D - a potion of attraction
 E - 3 potions of curing


   Skills:
 * Level 5.7 Fighting
 * Level 5.3(5.6) Axes
 + Level 2.6(4.3) Polearms
 + Level 1.3 Throwing
 * Level 4.8 Armour
 * Level 4.4 Dodging
 + Level 3.1 Stealth
 * Level 4.2 Unarmed Combat
 * Level 4.1 Spellcasting
 + Level 1.9 Conjurations
 + Level 1.7 Hexes
 + Level 1.7 Summonings
 + Level 2.7 Evocations


You had 3 spell levels left.
You knew the following spells:

 Your Spells              Type           Power      Damage    Failure   Level
a - Magic Dart            Conj           40%        1d5       71%         1
b - Apportation           Tloc           6%         N/A       92%         1
c - Jinxbite              Hex            18%        N/A       86%         2
d - Call Imp              Summ           18%        N/A       86%         2
e - Fulminant Prism       Conj/Alch      3%         3d5       100%        4
f - Swiftness             Air            3%         N/A       100%        3

Your spell library contained the following spells:

 Spells                   Type           Power      Damage    Failure   Level
 Shock                    Conj/Air       24%        1d4       83%         1
 Momentum Strike          Conj/Tloc      12%        3d8       92%         2
 Ensorcelled Hibernation  Hex/Ice        12%        N/A       94%         2
 Blink                    Tloc           6%         N/A       98%         2
 Lesser Beckoning         Tloc           6%         N/A       98%         2
 Passwall                 Erth           3%         N/A       100%        3
 Volatile Blastmotes      Fire/Tloc      6%         2d10      100%        3
 Airstrike                Air            1%         2d(1-17)  100%        4
 Iskenderun's Mystic Bla  Conj/Tloc      6%         2d4       100%        4
 Alistair's Intoxication  Alch           2%         N/A       100%        5


Dungeon Overview and Level Annotations

Branches:
Dungeon (8/15)             Temple (1/1) D:5            Lair (0/5) D:8

Altars:
Ashenzari
Cheibriados
Dithmenos
Fedhas
Gozag
Hepliaklqana
Kikubaaqudgha
Makhleb
Nemelex Xobeh
Okawaru
Qazlal
Ru
Sif Muna
Trog
Uskayaw
Vehumet
Wu Jian
Xom
Yredelemnul

Shops:
D:6 !*[:   D:8 (

Annotations:
D:4 3 runed translucent doors
D:8 6 transporters


Innate Abilities, Weirdness & Mutations

You may rarely emit foul miasma when damaged in melee.
You regenerate a lot of health from kills.
You are partially covered in razor-sharp scales. (AC +1, Slay +1)
Your touch may inflict minor irresistible damage on your foes.
You have supernaturally acute eyesight. (SInv)
You are agile. (Dex +4, Str/Int -1)
Your mind is acute. (Int +4, Str/Dex -1)
You are weak. (Str -2)


Message History

You closely miss the warg.
The warg is lightly wounded.
You block the warg's attack. The warg bites you but does no damage.
You hit the warg but do no damage.
The warg is lightly wounded.
The warg bites you but does no damage.
You hit the warg.
The warg is poisoned.
The warg is moderately wounded.
The warg completely misses you. The warg bites you!
You hit the warg.
The warg suddenly seems more resistant.
The warg is heavily wounded.
The warg barely misses you.
You hit the warg.
The warg is heavily wounded.
The warg bites you! The wolf bites you.
You miss the warg.
The warg is severely wounded.
You barely miss the wolf. The wolf bites you but does no damage.
The warg bites you but does no damage. The wolf bites you but does no damage.
The warg bites you!!
You are too injured to fight recklessly!
You are too injured to fight recklessly!
You are too injured to fight recklessly!
You are too injured to fight recklessly!
Unknown command.
Okay, then.
Aiming: Corrosive Bolt
Press: ? - help, Shift-Dir - straight line, f - centaur
Aim: a centaur, wielding a +0 orcbow (83% to hit)
The bolt of acid misses the wolf.
The bolt of acid hits the centaur!
The centaur is heavily wounded.
The wolf bites you but does no damage. The warg bites you but does no damage.
The wolf barely misses you.
You hit the warg but do no damage.
The warg is severely wounded.
You hit the wolf. You burn the wolf. The warg bites you!
* * * LOW HITPOINT WARNING * * *
The wolf misses you. The warg bites you!!
You die...
Xom chuckles heartily!

#.#.##.#....###.##
#...##.#..........
####.##...######.##
#........## #.##
#.....)..# #... #
##.######.#########.
#[#©..#..##>..........
#...©...'######.......
###.h@#...# #.##....
##h##...# #.##.### #c.
...# #.##.#<. ... ...#
#.##.#.. .##. ...#
#.##.### #. #..c##
#.##.... # .....#
#.###### ......
#....#.. ......#
####.#5#


You could see a warg (resistant, very poisoned), a wolf and a centaur.

Vanquished Creatures
  The ghost of Krumphau the Slasher, a novice DsMo of Makhleb (D:4)
  Eustachio (D:6)
  Menkaure (D:6)
  2 water moccasins
  2 ice beasts
  2 orc warriors
  A black bear (D:4)
  A wolf (D:8)
  An ogre (D:6)
  4 centaurs
  A phantom (D:7)
  A bullfrog (D:8)
  2 scorpions
  A water moccasin zombie (D:4)
  3 wights (D:6)
  2 howler monkeys
  A bombardier beetle (D:5)
  2 hounds
  9 orc priests
  A gnoll bouda (D:5)
  3 jellies
  A sleepcap (D:4)
  5 iguanas
  5 orc wizards
  Robin (D:3)
  5 gnolls (D:5)
  A howler monkey skeleton (D:4)
  5 adders
  4 ufetubi
  3 dart slugs
  3 ribbon worms
  33 orcs
  9 bats
  9 endoplasms
  2 giant cockroaches
  16 goblins
  14 hobgoblins
  7 jackals
  8 kobolds
  5 quokkas
  6 ball pythons
  2 frilled lizards
  7 rats
193 creatures vanquished.

Vanquished Creatures (collateral kills)
  An ogre (D:5)
  2 orc priests
  An adder (D:5)
  An orc (D:5)
  A ball python (D:3)
6 creatures vanquished.

Vanquished Creatures (others)
  A bat zombie (D:3)
  2 goblins
3 creatures vanquished.

Grand Total: 202 creatures vanquished

Notes
Turn   | Place    | Note
-------+----------+-------------------------------------------
     0 | D:1      | ezpacito the Demonspawn Chaos Knight began the quest for
                  | the Orb.
     0 | D:1      | Reached XP level 1. HP: 18/18 MP: 1/1
    18 | D:1      | XOM: potion effect (attraction)
    57 | D:1      | Reached skill level 1 in Dodging
   151 | D:1      | Gained mutation: Your touch may inflict minor irresistible
                  | damage on your foes. [demonic ancestry]
   151 | D:1      | Reached XP level 2. HP: 14/24 MP: 2/2
   865 | D:2      | Gained mutation: You regenerate a little health from kills.
                  | [demonic ancestry]
   865 | D:2      | Reached XP level 3. HP: 25/29 MP: 4/4
   886 | D:2      | Found a faded altar of an unknown god.
  1084 | D:2      | XOM: scenery: summon butterflies
  1088 | D:2      | XOM: give mutations
  1088 | D:2      | Gained mutation: You are agile. (Dex +4, Str/Int -1) [Xom's
                  | mischief]
  1088 | D:2      | Gained mutation: Your body sometimes deteriorates upon
                  | taking damage. [Xom's mischief]
  1088 | D:2      | Gained mutation: You occasionally lose the ability to drink
                  | potions when taking damage. [Xom's mischief]
  1179 | D:2      | Identified the ring of Xom's Displeasure {rPois rCorr} (Xom
                  | gifted it to you on level 2 of the Dungeon)
  1179 | D:2      | XOM: god gift: ring of Xom's Displeasure {rPois rCorr}
  1251 | D:2      | XOM: cloud trail
  1353 | D:2      | XOM: give mutation
  1353 | D:2      | Gained mutation: You are very agile. (Dex +8, Str/Int -2)
                  | [Xom's grace]
  1491 | D:3      | Gained mutation: You regenerate health from kills. [demonic
                  | ancestry]
  1491 | D:3      | Reached XP level 4. HP: 33/35 MP: 5/5
  1500 | D:3      | Found an ancient bone altar of Kikubaaqudgha.
  1533 | D:3      | Reached skill level 1 in Unarmed Combat
  1533 | D:3      | Reached skill level 1 in Spellcasting
  1565 | D:3      | Found a shimmering altar of Xom.
  1568 | D:3      | Found a bloodstained altar of Trog.
  1569 | D:3      | XOM: fake destruction
  1667 | D:3      | Noticed Robin
  1673 | D:2      | Reached skill level 1 in Stealth
  1712 | D:3      | Killed Robin
  2028 | D:4      | Found a runed translucent gate.
  2028 | D:4      | Found a runed translucent gate.
  2029 | D:4      | Found a runed translucent gate.
  2033 | D:4      | Reached XP level 5. HP: 37/41 MP: 7/7
  2082 | D:4      | Noticed Krumphau's ghost (novice DsMo)
  2121 | D:4      | XOM: summons 3 friendly demons
  2237 | D:4      | Gained mutation: You may rarely emit foul miasma when
                  | damaged in melee. [demonic ancestry]
  2237 | D:4      | Reached XP level 6. HP: 43/44 MP: 8/8
  2241 | D:4      | XOM: summons friendly crimson imp
  2248 | D:4      | Reached skill level 1 in Polearms
  2395 | D:4      | XOM: scenery: create altars
  2528 | D:4      | XOM: 3-stop teleportation journey
  2618 | D:4      | XOM: cloud trail
  2646 | D:4      | Reached skill level 1 in Evocations
  2646 | D:4      | Gained mutation: You are partially covered in razor-sharp
                  | scales. (AC +1, Slay +1) [demonic ancestry]
  2646 | D:4      | Reached XP level 7. HP: 24/54 MP: 10/10
  3018 | D:4      | XOM: scenery: create altars
  3034 | D:4      | Found a burning altar of Makhleb.
  3034 | D:4      | Noticed an Executioner
  3123 | D:4      | XOM: scenery: 3 doors open
  3128 | D:4      | Lost mutation: You occasionally lose the ability to drink
                  | potions when taking damage. [potion of mutation]
  3128 | D:4      | Lost mutation: You are very agile. (Dex +8, Str/Int -2)
                  | [potion of mutation]
  3128 | D:4      | Lost mutation: Your body sometimes deteriorates upon taking
                  | damage. [potion of mutation]
  3128 | D:4      | Gained mutation: You are weak. (Str -2) [potion of
                  | mutation]
  3128 | D:4      | Gained mutation: You have a pair of small antennae on your
                  | head. [potion of mutation]
  3128 | D:4      | Gained mutation: You have supernaturally acute eyesight.
                  | (SInv) [potion of mutation]
  3128 | D:4      | XOM: fog
  3146 | D:4      | Killed Krumphau's ghost
  3190 | D:4      | XOM: god gift: scroll labelled COIMEFI VOUS {god gift}
  3259 | D:5      | Entered Level 5 of the Dungeon
  3484 | D:5      | Found a staircase to the Ecumenical Temple.
  3491 | Temple   | Entered the Ecumenical Temple
  3511 | D:5      | Reached XP level 8. HP: 61/61 MP: 12/12
  3560 | D:5      | Found a broken altar of Ashenzari.
  4506 | D:5      | XOM: silly message
  4562 | D:6      | Noticed Menkaure
  4572 | D:6      | Killed Menkaure
  4726 | D:6      | Learned a level 1 spell: Magic Dart
  4728 | D:6      | Learned a level 1 spell: Apportation
  4731 | D:6      | Learned a level 2 spell: Jinxbite
  4734 | D:6      | Learned a level 2 spell: Call Imp
  4739 | D:6      | Learned a level 4 spell: Fulminant Prism
  4743 | D:6      | Learned a level 3 spell: Swiftness
  4747 | D:6      | Found Wucoikki's Distillery.
  4802 | D:6      | Reached skill level 5 in Fighting
  4846 | D:6      | Bought a potion of degeneration for 14 gold pieces
  4846 | D:6      | Bought a potion of enlightenment for 70 gold pieces
  4846 | D:6      | Bought a potion of attraction for 42 gold pieces
  4846 | D:6      | Bought a potion of curing for 42 gold pieces
  4915 | D:6      | XOM: smoke on damage
  5273 | D:6      | XOM: god gift: 12 gold pieces
  5307 | D:6      | Found Gabuafuu's General Store.
  5314 | D:6      | Bought a scroll of identify for 28 gold pieces
  5420 | D:6      | Found Mileoced's Armour Shoppe.
  5427 | D:6      | Found Uraimen's Book Boutique.
  5438 | D:6      | Noticed Eustachio
  5451 | D:6      | Killed Eustachio
  5452 | D:6      | Gained mutation: You regenerate a lot of health from kills.
                  | [demonic ancestry]
  5452 | D:6      | Reached XP level 9. HP: 47/68 MP: 14/14
  5490 | D:6      | You fall into a shaft and drop 1 floor!
  5542 | D:7      | XOM: polymorph kobold brigand -> giant cockroach
  5572 | D:7      | Reached skill level 1 in Conjurations
  5788 | D:7      | Found an iron altar of Okawaru.
  5874 | D:6      | Reached skill level 1 in Hexes
  5874 | D:6      | Reached skill level 1 in Summonings
  6093 | D:6      | Found a sparkling altar of Nemelex Xobeh.
  6094 | D:6      | Found a radiant altar of Vehumet.
  6485 | D:7      | XOM: butterfly on damage
  6672 | D:6      | Reached skill level 5 in Axes
  6965 | D:7      | Reached skill level 1 in Throwing
  7031 | D:7      | XOM: give mutations
  7031 | D:7      | Lost mutation: You have a pair of small antennae on your
                  | head. [Xom's mischief]
  7031 | D:7      | Gained mutation: Your mind is acute. (Int +4, Str/Dex -1)
                  | [Xom's mischief]
  7273 | D:8      | Found Ylisk's Weapon Boutique.
  7465 | D:8      | Found a staircase to the Lair.
  7467 | D:8      | XOM: cleaving
  7468 | D:8      | XOM: confuse monster(s)
  7500 | D:8      | XOM: summons friendly crimson imp
  7629 | D:8      | XOM: repel stairs
  7665 | D:8      | XOM: 3-stop teleportation journey
  7671 | D:8      | Found a transporter.
  7675 | D:8      | Found a transporter.
  7733 | D:8      | Found a shadowy altar of Dithmenos.
  8011 | D:8      | Found a transporter.
  8016 | D:8      | Found a transporter.
  8017 | D:8      | Found a transporter.
  8022 | D:8      | Found a transporter.
  8036 | D:8      | Slain by a warg

Illustrated notes

Levels and vault maps discovered:
D:1:      dpeg_arrival_leaves_temple_mockup, layout_basic
D:2:      layout_basic, shapermc_ecumenical_altar_gd
D:3:      kennysheep_big_flooded_room, layout_rooms, grunt_temple_overflow_open,
          mainiacjoe_overflow_alcove_1, minmay_misc_feat_cross, uniq_robin
D:4:      layout_basic, makhleb_altar_promises_db, gammafunk_ghost_necromancy,
          minmay_crystal_room, chequers_serial_rivers_marsh, eino_tiny_chamber,
          kennysheep_big_empty_room, serial_library_hellmonk_small_corner,
          minmay_goblin_outpost
D:5:      layout_layer_cave, ashenzari_conservatory_becter,
          minmay_temple_entry_slanted
D:6:      kb_forest_paths, layout_loops_corners, nicolae_overflow_squiral,
          serial_shops, shop, nicolae_square_shop, nicolae_shop_window_shopping,
          nicolae_book_shop_shelving, uniq_eustachio, uniq_menkaure
D:7:      layout_gridville, okawaru_metal_pillars_1_2
D:8:      layout_basic, nicolae_dithmenos_the_darkroom,
          erik_lair_orcish_takeover, serial_shops, shop, serial_nicolae_subway,
          nicolae_sub_station_stone, nicolae_sub_station_metal,
          nicolae_sub_station_crystal
Temple:   nicolae_temple_bog_church

Skill      XL: |  1  2  3  4  5  6  7  8  9 |
---------------+----------------------------+-----
Dodging        | 1 2 3 4 |  4.4
Armour         | 2 3 4 |  4.8
Axes           | 3 4 5 |  5.3
Unarmed Combat | 1 2 3 4 |  4.2
Spellcasting   | 1 2 3 4 |  4.1
Stealth        | 1 2 3 |  3.1
Polearms       | 1 2 |  2.6
Fighting       | 4 5 |  5.7
Evocations     | 1 2 |  2.7
Conjurations   | 1 |  1.9
Hexes          | 1 |  1.7
Summonings     | 1 |  1.7
Throwing       | 1 |  1.3

Action                     |  1- 3 |  4- 6 |  7- 9 || total
---------------------------+-------+-------+-------++-------
  Melee: Hand axe          |   107 |   131 |   363 ||   601
         Touch             |    15 |    24 |    10 ||    49
  Evoke: Wand              |       |     2 |    12 ||    14
    Use: Scroll            |       |     4 |     8 ||    12
         Potion            |       |     1 |    10 ||    11
   Stab: Petrified         |     5 |       |     5 ||    10
         Petrifying        |     1 |       |     4 ||     5
         Sleeping          |     2 |     4 |       ||     6
         Invisible         |       |       |    12 ||    12
         Paralysed         |       |       |     3 ||     3
         Distracted        |       |       |     2 ||     2
         Held in net/web   |       |       |     2 ||     2
 Armour: Leather armour    |    53 |   103 |    39 ||   195
         Skin              |       |       |     3 ||     3
         Chain mail        |       |       |   294 ||   294
  Dodge: Dodged            |    67 |    98 |   192 ||   357
  Block: Buckler           |       |       |    87 ||    87

Table legend: (Time is in decaauts)
 A = Elapsed time spent in this place.
 B = Non-inter-level travel time spent in this place.
 C = Inter-level travel time spent in this place.
 D = Time resting spent in this place.
 E = Time spent auto-exploring this place.
 F = Levels seen in this place.
 G = Mean time per level.
                   A        B        C        D        E       F      G
               +--------+--------+--------+--------+--------+-----+--------+
         Total |   8074 |   7813 |    261 |    639 |   5725 |   9 |  897.1 |
       Dungeon |   8073 |   7813 |    260 |    639 |   5725 |   8 | 1009.1 |
        Temple |      1 |      1 |      0 |      0 |      0 |   1 |    1.0 |
               +--------+--------+--------+--------+--------+-----+--------+

Top non-repeatable levels by time:
     D:6: 1878 daAuts
     D:5: 1281 daAuts
     D:4: 1257 daAuts
     D:2: 851 daAuts
     D:7: 833 daAuts
     D:8: 797 daAuts
     D:1: 634 daAuts
     D:3: 540 daAuts
  Temple: 1 daAuts
